TOP OF THE 1ST |
Nantucket Orcas batting - Pitching for El Paso Texans : RHP Patrick Bland
|
Pitching: RHP Patrick Bland
|
|
Batting: RHB Charlie Pérez
|
0-0: Ball 1-0: Ball 2-0: Called Strike 2-1: Foul Ball, location: 2F 2-2: Strikes out swinging
|
Batting: RHB Demetrio Inrouville
|
0-0: Called Strike 0-1: Called Strike 0-2: Strikes out swinging
|
Batting: LHB Eugene Lee
|
0-0: Ground out 4-3 (Groundball, 4)
|
Top of the 1st over - 0 runs, 0 hits, 0 errors, 0 left on base; Nantucket 0 - El Paso 0 |
BOTTOM OF THE 1ST |
El Paso Texans batting - Pitching for Nantucket Orcas : LHP Armando García
|
Pitching: LHP Armando García
|
|
Batting: SHB António Cervantes
|
0-0: Called Strike 0-1: Ball 1-1: Ball 2-1: Ball 3-1: Base on Balls
|
Batting: LHB António Fonseca
|
0-0: Grounds into double play, 5-4-3 (Groundball, 56)
|
Batting: RHB Doug Bruce
|
0-0: Called Strike 0-1: Ball 1-1: Foul Ball, location: 2F 1-2: Ball 2-2: Strikes out swinging
|
Bottom of the 1st over - 0 runs, 0 hits, 0 errors, 0 left on base; Nantucket 0 - El Paso 0 |
TOP OF THE 2ND |
Nantucket Orcas batting - Pitching for El Paso Texans : RHP Patrick Bland
|
Batting: RHB Paul Bell
|
0-0: Ground out 5-3 (Groundball, 56S)
|
Batting: RHB Matt Dundee
|
0-0: Swinging Strike 0-1: Foul Ball, location: 2F 0-2: Fly out, F8 (Flyball, 8RXD)
|
Batting: SHB Cristián Salazar
|
0-0: Ball 1-0: Foul Ball, location: 2F 1-1: Called Strike 1-2: Foul Ball, location: 2F 1-2: Strikes out swinging
|
Top of the 2nd over - 0 runs, 0 hits, 0 errors, 0 left on base; Nantucket 0 - El Paso 0 |
BOTTOM OF THE 2ND |
El Paso Texans batting - Pitching for Nantucket Orcas : LHP Armando García
|
Batting: LHB Cipriano Rangel
|
0-0: Foul Ball, location: 2F 0-1: Ball 1-1: Ball 2-1: DOUBLE (Line Drive, 89XD)
|
Batting: LHB Ismael Báez
|
0-0: Ball 1-0: Called Strike 1-1: Foul Ball, location: 2F 1-2: Foul Ball, location: 2F 1-2: Ground out 1-3 (Groundball, 15S)
|
Batting: RHB Chris Smith
|
0-0: Ground out 6-3 (Groundball, 6)
|
Batting: LHB Gus Price
|
0-0: Ground out 4-3 (Groundball, 4)
|
Bottom of the 2nd over - 0 runs, 1 hit, 0 errors, 1 left on base; Nantucket 0 - El Paso 0 |
TOP OF THE 3RD |
Nantucket Orcas batting - Pitching for El Paso Texans : RHP Patrick Bland
|
Batting: RHB Curt O'Brian
|
0-0: Ball 1-0: Called Strike 1-1: Ball 2-1: Swinging Strike 2-2: Strikes out swinging
|
Batting: RHB Luis Cruz
|
0-0: Swinging Strike 0-1: Called Strike 0-2: Strikes out swinging
|
Batting: RHB Juan Gómez
|
0-0: Called Strike 0-1: Ball 1-1: SINGLE (Line Drive, 8LS)
|
Batting: RHB Charlie Pérez
|
0-0: Called Strike 0-1: SINGLE (Groundball, 56) (infield hit) Juan Gómez to second
|
Batting: RHB Demetrio Inrouville
|
0-0: Ball 1-0: Called Strike Balk! Juan Gómez to third Charlie Pérez to second 1-1: Swinging Strike 1-2: Strikes out swinging
|
Top of the 3rd over - 0 runs, 2 hits, 0 errors, 2 left on base; Nantucket 0 - El Paso 0 |
BOTTOM OF THE 3RD |
El Paso Texans batting - Pitching for Nantucket Orcas : LHP Armando García
|
Batting: RHB Ed McVinish
|
0-0: Ball 1-0: TRIPLE (Flyball, 7LD)
|
Batting: RHB Manny Holguín
|
0-0: Called Strike 0-1: Foul Ball, location: 2F 0-2: Foul Ball, location: 2F 0-2: Ball 1-2: Foul Ball, location: 2F 1-2: Ball 2-2: Fly out, F7 (Line Drive, 78M) Runner from 3rd tags up, OUT at HOME
|
Batting: SHB António Cervantes
|
0-0: Swinging Strike 0-1: Ball 1-1: Foul Ball, location: 2F 1-2: Ball 2-2: Strikes out swinging
|
Bottom of the 3rd over - 0 runs, 1 hit, 0 errors, 0 left on base; Nantucket 0 - El Paso 0 |
TOP OF THE 4TH |
Nantucket Orcas batting - Pitching for El Paso Texans : RHP Patrick Bland
|
Batting: LHB Eugene Lee
|
0-0: Called Strike 0-1: Foul Ball, location: 2F 0-2: SOLO HOME RUN (Flyball, 9LD), Distance : 356 ft
|
Batting: RHB Paul Bell
|
0-0: Foul Ball, location: 2F 0-1: Ground out 6-3 (Groundball, 56)
|
Batting: RHB Matt Dundee
|
0-0: Ball 1-0: Foul Ball, location: 2F 1-1: Called Strike 1-2: Strikes out swinging
|
Batting: SHB Cristián Salazar
|
0-0: Swinging Strike 0-1: Swinging Strike 0-2: Ball 1-2: Strikes out swinging
|
Top of the 4th over - 1 run, 1 hit, 0 errors, 0 left on base; Nantucket 1 - El Paso 0 |
BOTTOM OF THE 4TH |
El Paso Texans batting - Pitching for Nantucket Orcas : LHP Armando García
|
Batting: LHB António Fonseca
|
0-0: Ball 1-0: Ground out 4-3 (Groundball, 4)
|
Batting: RHB Doug Bruce
|
0-0: Foul Ball, location: 2F 0-1: Swinging Strike 0-2: Ball 1-2: Ball 2-2: Fly out, F7 (Flyball, 7LS)
|
Batting: LHB Cipriano Rangel
|
0-0: Swinging Strike 0-1: Ball 1-1: Called Strike 1-2: Ball 2-2: Strikes out swinging
|
Bottom of the 4th over - 0 runs, 0 hits, 0 errors, 0 left on base; Nantucket 1 - El Paso 0 |
TOP OF THE 5TH |
Nantucket Orcas batting - Pitching for El Paso Texans : RHP Patrick Bland
|
Batting: RHB Curt O'Brian
|
0-0: Called Strike 0-1: Ball 1-1: Foul Ball, location: 2F 1-2: Fly out, F5 (Line Drive, 5S)
|
Batting: RHB Luis Cruz
|
0-0: Ball 1-0: Swinging Strike 1-1: Ball 2-1: Swinging Strike 2-2: Foul Ball, location: 2F 2-2: SINGLE (Groundball, 13) (infield hit)
|
Batting: RHB Juan Gómez
|
0-0: Foul Ball, location: 2F 0-1: Ball 1-1: Ball 2-1: Ball 3-1: Foul Ball, location: 2F 3-2: SINGLE (Groundball, 5D) Luis Cruz to second Luis Cruz to third
|
Batting: RHB Charlie Pérez
|
0-0: Ball 1-0: Ball 2-0: Called Strike 2-1: Ball 3-1: Foul Ball, location: 2F 3-2: Foul Ball, location: 2F 3-2: Foul Ball, location: 2F 3-2: Foul Ball, location: 2F 3-2: Foul Ball, location: 2F 3-2: Base on Balls Juan Gómez to second
|
Batting: RHB Demetrio Inrouville
|
0-0: Called Strike 0-1: Ball 1-1: Ball 2-1: Fly out, F9 (Flyball, 9S)
|
Batting: LHB Eugene Lee
|
0-0: Called Strike 0-1: Ball 1-1: Ball 2-1: Fly out, F8 (Flyball, 8RD)
|
Top of the 5th over - 0 runs, 2 hits, 0 errors, 3 left on base; Nantucket 1 - El Paso 0 |
BOTTOM OF THE 5TH |
El Paso Texans batting - Pitching for Nantucket Orcas : LHP Armando García
|
Batting: LHB Ismael Báez
|
0-0: Ball 1-0: Ball 2-0: Called Strike 2-1: Swinging Strike 2-2: Strikes out looking
|
Batting: RHB Chris Smith
|
0-0: Ball 1-0: Foul Ball, location: 2F 1-1: Ball 2-1: Ball 3-1: Called Strike 3-2: Foul Ball, location: 2F 3-2: Foul Ball, location: 2F 3-2: Foul Ball, location: 2F 3-2: SINGLE (Groundball, 6MD)
|
Batting: LHB Gus Price
|
0-0: Called Strike 0-1: Fly out, F8 (Flyball, 8LM)
|
Batting: RHB Ed McVinish
|
0-0: Called Strike 0-1: Foul Ball, location: 2F 0-2: Strikes out swinging
|
Bottom of the 5th over - 0 runs, 1 hit, 0 errors, 1 left on base; Nantucket 1 - El Paso 0 |
TOP OF THE 6TH |
Nantucket Orcas batting - Pitching for El Paso Texans : RHP Patrick Bland
|
Batting: RHB Paul Bell
|
0-0: Ball 1-0: Foul Ball, location: 2F 1-1: Ground out 6-3 (Groundball, 6D)
|
Batting: RHB Matt Dundee
|
0-0: Ball 1-0: Foul Ball, location: 2F 1-1: Foul Ball, location: 2F 1-2: Ball 2-2: Ground out 5-3 (Groundball, 5)
|
Batting: SHB Cristián Salazar
|
0-0: Foul Ball, location: 2F 0-1: Foul Ball, location: 2F 0-2: Ground out 4-3 (Groundball, 4)
|
Top of the 6th over - 0 runs, 0 hits, 0 errors, 0 left on base; Nantucket 1 - El Paso 0 |
BOTTOM OF THE 6TH |
El Paso Texans batting - Pitching for Nantucket Orcas : LHP Armando García
|
Batting: RHB Manny Holguín
|
0-0: Ball 1-0: Swinging Strike 1-1: Ball 2-1: Called Strike 2-2: Strikes out looking
|
Batting: SHB António Cervantes
|
0-0: Foul Ball, location: 2F 0-1: Ground out 6-3 (Groundball, 6D)
|
Batting: LHB António Fonseca
|
0-0: Called Strike 0-1: Ball 1-1: Ball 2-1: Ball 3-1: SINGLE (Groundball, 34D)
|
Batting: RHB Doug Bruce
|
0-0: Fly out, F8 (Flyball, 8LD)
|
Bottom of the 6th over - 0 runs, 1 hit, 0 errors, 1 left on base; Nantucket 1 - El Paso 0 |
TOP OF THE 7TH |
Nantucket Orcas batting - Pitching for El Paso Texans : RHP Patrick Bland
|
Pitching: RHP David Alomar
|
|
Batting: RHB Curt O'Brian
|
0-0: Ball 1-0: Ball 2-0: Ball 3-0: Base on Balls
|
Pinch Hitting: LHB Dennis King
|
0-0: Ball 1-0: Fly out, F7 (Flyball, 7LSF)
|
Batting: RHB Juan Gómez
|
0-0: Foul Ball, location: 2F 0-1: Fly out, F9 (Flyball, 9S)
|
Batting: RHB Charlie Pérez
|
0-0: Ball Curt O'Brian steals 2nd base 1-0: Called Strike 1-1: Swinging Strike 1-2: Ball 2-2: Ball 3-2: Base on Balls
|
Pinch Hitting: LHB Steve Blankenship
|
0-0: Called Strike 0-1: Fly out, F9 (Flyball, 9D)
|
Top of the 7th over - 0 runs, 0 hits, 0 errors, 2 left on base; Nantucket 1 - El Paso 0 |
BOTTOM OF THE 7TH |
El Paso Texans batting - Pitching for Nantucket Orcas : LHP Armando García
|
Pitching: LHP Lopes Ambar
|
|
Now at 3B: Armando Hernández
|
|
Now in LF: Armondo Goro
|
|
Batting: LHB Cipriano Rangel
|
0-0: Called Strike 0-1: Foul Ball, location: 2F 0-2: Ball 1-2: Strikes out swinging
|
Batting: LHB Ismael Báez
|
0-0: Swinging Strike 0-1: Swinging Strike 0-2: Strikes out swinging
|
Batting: RHB Chris Smith
|
0-0: Ball 1-0: Ball 2-0: Called Strike 2-1: Foul Ball, location: 2F 2-2: Ball 3-2: Fly out, F8 (Flyball, 8RS)
|
Bottom of the 7th over - 0 runs, 0 hits, 0 errors, 0 left on base; Nantucket 1 - El Paso 0 |
TOP OF THE 8TH |
Nantucket Orcas batting - Pitching for El Paso Texans : RHP David Alomar
|
Batting: LHB Eugene Lee
|
0-0: Ground out U3 (Groundball, 3)
|
Batting: RHB Paul Bell
|
0-0: Called Strike 0-1: Ground out 3-1 (Groundball, 34)
|
Batting: RHB Matt Dundee
|
0-0: Ball 1-0: Ball 2-0: Foul Ball, location: 2F 2-1: Foul Ball, location: 2F 2-2: Foul Ball, location: 2F 2-2: Fly out, F6 (Line Drive, 6M)
|
Top of the 8th over - 0 runs, 0 hits, 0 errors, 0 left on base; Nantucket 1 - El Paso 0 |
BOTTOM OF THE 8TH |
El Paso Texans batting - Pitching for Nantucket Orcas : LHP Lopes Ambar
|
Batting: LHB Gus Price
|
0-0: Ball 1-0: Called Strike 1-1: Called Strike 1-2: Strikes out swinging
|
Batting: RHB Ed McVinish
|
0-0: Ground out 6-3 (Groundball, 6)
|
Batting: RHB Manny Holguín
|
0-0: Ball 1-0: Ball 2-0: Fly out, F8 (Flyball, 8RM)
|
Bottom of the 8th over - 0 runs, 0 hits, 0 errors, 0 left on base; Nantucket 1 - El Paso 0 |
TOP OF THE 9TH |
Nantucket Orcas batting - Pitching for El Paso Texans : RHP David Alomar
|
Batting: SHB Cristián Salazar
|
0-0: Called Strike 0-1: Ball 1-1: Foul Ball, location: 2F 1-2: Foul Ball, location: 2F 1-2: Ball 2-2: Fly out, F8 (Flyball, 8RD)
|
Batting: RHB Curt O'Brian
|
0-0: Called Strike 0-1: Ball 1-1: Ball 2-1: Ball 3-1: Base on Balls
|
Pinch Hitting: RHB Norberto Navarro
|
0-0: Ball Curt O'Brian steals 2nd base 1-0: DOUBLE (Flyball, 89D) Curt O'Brian scores
|
Batting: RHB Juan Gómez
|
0-0: Intentional Walk
|
Batting: RHB Charlie Pérez
|
0-0: Ball 1-0: Ball 2-0: Fly out, F6 (Line Drive, 6)
|
Batting: RHB Armando Hernández
|
0-0: Ball 1-0: Ball 2-0: Ball 3-0: Base on Balls Norberto Navarro to third Juan Gómez to second
|
Batting: LHB Eugene Lee
|
0-0: Ground out 4-3 (Groundball, 4S)
|
Top of the 9th over - 1 run, 1 hit, 0 errors, 3 left on base; Nantucket 2 - El Paso 0 |
BOTTOM OF THE 9TH |
El Paso Texans batting - Pitching for Nantucket Orcas : LHP Lopes Ambar
|
Now in LF: Norberto Navarro
|
|
Batting: SHB António Cervantes
|
0-0: Ball 1-0: Foul Ball, location: 2F 1-1: Foul Ball, location: 2F 1-2: Strikes out looking
|
Batting: LHB António Fonseca
|
0-0: Ball 1-0: Called Strike 1-1: Foul Ball, location: 2F 1-2: Ground out 5-3 (Groundball, 56S)
|
Batting: RHB Doug Bruce
|
0-0: Ball 1-0: Ground out 5-3 (Groundball, 56S)
|
Bottom of the 9th over - 0 runs, 0 hits, 0 errors, 0 left on base; Nantucket 2 - El Paso 0 |
|